 Dungeon Crawl Stone Soup version 0.28-a0-1486-g8196b01e9b (webtiles) character file.

Game seed: 4393212278722326500

107333 Destapler the Severer (level 16, -16/144 HPs)
             Began as a Hill Orc Fighter on Jan 6, 2022.
             Was a High Priest of Cheibriados.
             Killed from afar by Mara (illusionary) (57 damage)
             ... with a bolt of fire
             ... on level 3 of the Swamp on Jan 12, 2022.
             The game lasted 02:28:49 (22311 turns).

Destapler the Severer (Hill Orc Fighter)           Turns: 22311, Time: 02:28:50

Health: -16/144    AC: 15    Str: 36    XL:     16   Next: 46%
Magic:  17/25      EV: 21    Int: 25    God:    Cheibriados [*****.]
Gold:   1759       SH: 15    Dex: 30    Spells: 21/21 levels left

rFire   . . .      SeeInvis .   a - +2 broad axe (vorpal)
rCold   + + .      Faith    .   Q - +0 kite shield
rNeg    + . .      Spirit   .   y - +3 troll leather armour
rPois   +          Reflect  .   O - +2 hat {Stlth+}
rElec   +          Harm     .   W - +1 cloak of the Harvest {Fly rElec Slay+3}
rCorr   .          Rampage  .   (no gloves)
Will    ++...                   i - +0 pair of boots "Zeeda" {rC+}
Stlth   ++++......              U - amulet of the acrobat
HPRegen 1.14/turn               A - ring of the Mantidfly {rPois rN+ EV+4 Int+4 Dex+3}
MPRegen 0.19/turn               T - ring of protection from cold

@: flying, very slow
A: strong-willed 1
a: Renounce Religion, Bend Time, Temporal Distortion, Slouch, Step From Time


You were on level 3 of the Swamp.
You worshipped Cheibriados.
Cheibriados was extremely pleased with you.
You visited 4 branches of the dungeon, and saw 24 of its levels.
You also visited: Gauntlet and Volcano.

You collected 2512 gold pieces.
You spent 753 gold pieces at shops.

Inventory:

Hand Weapons
 a - a +2 vorpal broad axe (weapon)
 b - the +2 mace "Qosaeqan" {venom, rElec rC+ SInv}
   (You found it on level 2 of the Swamp)

   It poisons the flesh of those it strikes.
   rC:        It protects you from cold.
   rElec:     It insulates you from electricity.
   SInv:      It lets you see invisible.
Missiles
 d - 13 throwing nets
 j - 63 poisoned darts
 l - 32 boomerangs (quivered)
 C - 2 silver javelins
 M - 13 javelins
Armour
 i - the +0 pair of boots "Zeeda" (worn) {rC+}
   (You found it on level 2 of the Dungeon)

   rC:        It protects you from cold.
 y - a +3 troll leather armour (worn)
 z - a +0 cloak of preservation
 G - a +1 buckler of cold resistance
 O - a +2 hat of stealth (worn)
 Q - a +0 kite shield (worn)
 W - the +1 cloak of the Harvest (worn) {Fly rElec Slay+3}
   (You found it on level 4 of the Lair of Beasts)

   Slay:      It affects your accuracy & damage with ranged weapons and melee
   (+3).
   rElec:     It insulates you from electricity.
   Fly:       It grants you flight.
Jewellery
 e - a ring of protection from fire
 g - an amulet of regeneration
 w - a ring of positive energy
 x - the ring "Bietwu Qaufu" {Drain rPois rF+ Int+6 Dex+8}
   (You found it in a Gauntlet)

   [ring of intelligence]

   Int:       It affects your intelligence (+6).
   Dex:       It affects your dexterity (+8).
   rF:        It protects you from fire.
   rPois:     It protects you from poison.
   Drain:     It drains your maximum health when unequipped.
 A - the ring of the Mantidfly (left hand) {rPois rN+ EV+4 Int+4 Dex+3}
   (You found it on level 11 of the Dungeon)

   [ring of evasion]

   EV:        It affects your evasion (+4).
   Int:       It affects your intelligence (+4).
   Dex:       It affects your dexterity (+3).
   rPois:     It protects you from poison.
   rN:        It protects you from negative energy.
 T - a ring of protection from cold (right hand)
 U - an amulet of the acrobat (around neck)
Wands
 q - a wand of mindburst (9)
 v - a wand of acid (7)
 E - a wand of paralysis (7)
 J - a wand of flame (22)
 N - a wand of iceblast (7)
 P - a wand of polymorph (13)
 S - a wand of digging (6)
Scrolls
 c - a scroll of blinking {unknown}
 h - 4 scrolls of fog
 m - 14 scrolls of identify
 o - 9 scrolls of teleportation
 s - 2 scrolls of fear
 t - 2 scrolls of enchant weapon
 F - a scroll of magic mapping
 Z - a scroll of amnesia
Potions
 f - 3 potions of might
 k - a potion of cancellation
 n - 3 potions of curing
 r - a potion of heal wounds
 D - 3 potions of lignification
 H - a potion of magic
 K - a potion of mutation
 R - 6 potions of attraction
 V - 3 potions of invisibility
Miscellaneous
 B - a condenser vane


   Skills:
 + Level 13.5 Fighting
 + Level 18.8 Axes
 + Level 9.4 Throwing
 + Level 11.5 Armour
 - Level 6.0 Dodging
 - Level 4.0 Stealth
 + Level 11.5 Shields
 - Level 3.0 Spellcasting
 + Level 12.1 Invocations
 - Level 8.0 Evocations


You had 21 spell levels left.
You didn't know any spells.
Your spell library contained the following spells:

 Spells                   Type           Power      Damage    Failure   Level
 Animate Skeleton         Necr           6%         N/A       22%         1
 Foxfire                  Conj/Fire      12%        2x1d4     22%         1
 Pain                     Necr           12%        1d4       22%         1
 Corpse Rot               Necr/Air       6%         N/A       32%         2
 Ensorcelled Hibernation  Hex/Ice        6%         N/A       32%         2
 Scorch                   Fire           6%         2d5       32%         2
 Confusing Touch          Hex            3%         N/A       54%         3
 Conjure Flame            Conj/Fire      3%         6-21      54%         3
 Frozen Ramparts          Ice            6%         1d2       54%         3
 Ignite Poison            Fire/Tmut/Pois 3%         N/A       54%         3
 Portal Projectile        Hex/Tloc       6%         N/A       54%         3
 Tukima's Dance           Hex            3%         N/A       54%         3
 Vampiric Draining        Necr           3%         2d6       54%         3
 Animate Armour           Summ/Erth      6%         N/A       91%         4
 Animate Dead             Necr           1%         N/A       91%         4
 Dispel Undead            Necr           3%         3d7       91%         4
 Flame Wave               Conj/Fire      3%         2d4       91%         4
 Ice Form                 Ice/Tmut       3%         N/A       91%         4
 Summon Ice Beast         Ice/Summ       3%         N/A       91%         4
 Blade Hands              Tmut           1%         N/A       99%         5
 Borgnjor's Vile Clutch   Necr/Erth      1%         N/A       99%         5
 Excruciating Wounds      Necr           1%         N/A       99%         5
 Iskenderun's Battlesphe  Conj           3%         2d6       99%         5
 Summon Mana Viper        Hex/Summ       3%         N/A       99%         5
 Yara's Violent Unravell  Hex/Tmut       1%         3d3       99%         5
 Death Channel            Necr           1%         N/A       100%        6
 Eringya's Noxious Bog    Tmut/Pois      1%         N/A       100%        6
 Iron Shot                Conj/Erth      1%         9d1       100%        6
 Summon Cactus Giant      Summ           1%         N/A       100%        6
 Enfeeble                 Hex            1%         N/A       100%        7
 Spellforged Servitor     Conj/Summ      1%         N/A       100%        7
 Death's Door             Necr           1%         N/A       100%        9


Dungeon Overview and Level Annotations

Branches:
Dungeon (13/15)            Temple (0/1) D:4            Lair (6/6) D:10
  Swamp (3/4) Lair:2       Spider (0/4) Lair:2        Slime (0/5) Lair:5
    Orc (2/2) D:11            Elf (0/3) Orc:2       Volcano (visited)
Gauntlet (visited)
 Vaults: D:13-14

Altars:
Cheibriados
Nemelex Xobeh
Sif Muna
Beogh
Jiyva

Shops:
D:2 (   Orc:2 **??

Annotations:
Swamp:2 Roxanne
Swamp:3 Mara


Innate Abilities, Weirdness & Mutations

You are strong-willed. (Will+)


Message History

The bolt of fire hits you!!!
The spriggan air mage hits you but does no damage.
Unknown command.
Mara blinks!
You block Mara's attack.
The spriggan air mage completely misses you.
You block Mara's attack.
The spriggan air mage waves its arms in wide circles.
The air twists around and strikes you.
You barely miss the spriggan air mage.
The spriggan air mage is severely wounded.
You closely miss Mara.
You hit Destapler's illusion but do no damage.
Destapler's illusion hits you!
Unknown command.
The flow of time bends around you.
Destapler's illusion easily resists.
Cheibriados rebukes Mara.
Mara seems to slow down.
The spriggan air mage resists with some effort.
The spriggan air mage misses you.
Mara blinks!
Destapler's illusion hits you!!
* * * LOW HITPOINT WARNING * * *
x2 You block Mara's attack.
You hit the spriggan air mage.
The spriggan air mage is almost dead.
You barely miss Mara.
You completely miss Destapler's illusion.
The spriggan air mage waves its arms in wide circles.
The air twists around and strikes you!!
* * * LOW HITPOINT WARNING * * *
You block Destapler's illusion's attack.
You block Mara's attack.
Activating: Slouch (1% risk of failure)
Press: ? - help, Dir - look around, f - activate You can feel time thicken for a moment.
You kill the spriggan air mage!
Cheibriados thoroughly appreciates the change of pace.
Cheibriados lowers the support of your attributes as your movement quickens.
You block Destapler's illusion's attack.
Mara gestures at you. The bolt of fire hits you!!!
You die...

≈... .≈≈≈≈≈≈≈.≈≈..♣♣
≈..≈≈ ≈≈≈≈≈§≈≈≈≈..♣≈♣♣
≈≈≈≈§§
≈≈≈≈≈≈≈≈§≈..<..≈♣.≈≈≈≈≈
≈≈≈≈≈....≈....≈ ♣≈≈≈≈ ≈
..≈...≈>.§≈≈.≈ ♣♣≈≈≈
≈≈≈≈ ♣≈..≈.≈.≈≈≈. ♣.≈§≈
≈....♣@[..≈....♣ ♣.≈≈≈
≈..≈..R@.≈§≈.≈≈♣♣♣♣♣♣≈≈≈
..§≈≈..R≈≈≈≈≈♣♣♣♣≈.≈♣.≈≈
≈≈≈≈≈≈..♣......♣♣≈≈≈.♣♣§
≈≈≈≈§≈≈.?....≈§.♣.≈≈.♣♣♣
≈≈≈§..≈≈≈§≈§.≈≈≈≈♣≈..♣♣♣
♣.≈.≈.≈≈§≈≈§≈$..♣≈♣≈..≈.
♣≈≈≈...≈≈§≈≈§..♣♣≈♣♣♣♣≈.
..§.(§.≈≈≈§≈≈≈.♣♣♣♣ ♣♣♣≈
♣♣...§..≈≈.≈♣ ♣♣.≈≈


You could see 2 Maras and Destapler's illusion.

Vanquished Creatures
  Saint Roka (Orc:2)
  A tentacled monstrosity (Lair:2)
  Jorgrun (Orc:2)
  Frances (Swamp:2)
  Gastronok (Orc:1)
  Kirke (Lair:2)
  2 fenstrider witches
  An orc warlord (Orc:2)
  Nessos (Lair:4)
  2 eleionomae
  A dire elephant (Lair:6)
  A bunyip (Swamp:2)
  A minotaur (Gauntlet)
  An ettin (Orc:1)
  An ice dragon (Lair:5)
  2 ghost crabs (Swamp:3)
  A shambling mangrove (Swamp:2)
  A spriggan air mage (Swamp:3)
  6 hydras
  A catoblepas (Gauntlet)
  Harold (D:7)
  2 boulder beetles
  6 alligators
  12 death yaks
  2 two-headed ogres
  4 orc high priests (Orc:2)
  Sonja (D:10)
  4 spriggans
  3 sixfirhies (Gauntlet)
  2 skeletal warriors (Volcano)
  2 goliath frogs
  A spectral death yak (Lair:6)
  A spectral anaconda (Lair:6)
  3 swamp dragons
  7 bog bodies
  2 spriggan druids
  4 orc knights (Orc:2)
  3 will-o-the-wisps
  An obsidian statue (Lair:6)
  An oklob plant (Gauntlet)
  3 necromancers (Lair:6)
  2 anaconda skeletons (Volcano)
  4 orc sorcerers
  2 elephants (Lair:6)
  A manticore (D:11)
  6 black mambas
  A moth of wrath (Gauntlet)
  Maurice (Orc:1)
  A torpor snail (Lair:6)
  10 cane toads
  A molten gargoyle (Gauntlet)
  A dire elephant skeleton (Lair:6)
  5 gargoyles
  13 komodo dragons
  5 rime drakes
  Maggie (D:7)
  3 trolls (Orc:2)
  6 tyrant leeches
  3 polar bears
  2 harpy skeletons (Volcano)
  4 hornets
  Prince Ribbit (D:8)
  27 blink frogs
  Grinder (D:3)
  A meliai zombie (D:10)
  5 dream sheep (Lair:5)
  A wraith (D:9)
  3 flying skulls (Volcano)
  48 yaks
  5 wyverns
  3 dire elephant simulacra (Lair:6)
  3 hogs (Lair:2)
  A fire elemental (Lair:4)
  3 redbacks
  3 fire bats (Lair:4)
  6 vampire mosquitoes
  3 basilisks
  2 chaos spawn (Gauntlet)
  Grum (D:8)
  A steam dragon (D:4)
  A death yak simulacrum (Lair:6)
  3 spectral cane toads (Lair:6)
  2 neqoxecs (Gauntlet)
  4 wargs
  17 water moccasins
  5 swamp worms
  4 acid dragons
  38 orc warriors
  2 swamp drakes
  2 ice beasts
  2 sky beasts (D:5)
  2 black bears
  3 elephant zombies (Lair:6)
  15 wolves
  3 centaurs
  10 ogres
  3 elephant skeletons (Lair:6)
  A phantom (D:6)
  A kobold brigand (D:7)
  8 bullfrogs
  2 gnoll sergeants (D:7)
  2 cane toad simulacra (Lair:6)
  4 killer bees (D:11)
  4 spriggan skeletons (Volcano)
  3 howler monkeys
  3 wights (D:6)
  5 electric eels
  7 hounds
  3 centaur skeletons
  2 centaur zombies
  30 orc priests
  A jelly (D:2)
  Crazy Yiuf (D:6)
  2 bullfrog skeletons
  4 gnoll shamans
  Ijyb (D:5)
  Natasha (thrice) (D:2)
  2 iguanas (D:3)
  19 orc wizards
  3 killer bee zombies
  3 naga skeletons (Volcano)
  A hound skeleton (D:5)
  30 gnolls
  A howler monkey skeleton (D:5)
  3 adders
  2 shadow imps
  2 white imps (Lair:5)
  An ufetubus (D:7)
  An adder skeleton (D:4)
  2 worms
  A dart slug (D:3)
  96 orcs
  5 ball pythons
  5 bats
  3 endoplasms
  5 giant cockroaches
  5 goblins
  2 hobgoblins
  4 jackals (D:7)
  2 quokkas
  2 frilled lizards
  25 kobolds
  5 rats
716 creatures vanquished.

Vanquished Creatures (others)
  A hydra (Swamp:3)
  4 bloated husks
  A hornet (Swamp:3)
  A spriggan (Swamp:3)
  4 humans (Swamp:1)
  3 vampire mosquitoes (Swamp:1)
  A swamp drake (Swamp:2)
  A gnoll (D:7)
  A white imp (Lair:5)
  12 foxfires
  35 fungi
  66 plants
  27 withered plants (Lair:6)
157 creatures vanquished.

Grand Total: 873 creatures vanquished

Notes
Turn   | Place    | Note
-------+----------+-------------------------------------------
     0 | D:1      | Destapler the Hill Orc Fighter began the quest for the Orb.
     0 | D:1      | Reached XP level 1. HP: 19/19 MP: 1/1
   157 | D:1      | Found a faded altar of an unknown god.
   161 | D:1      | Prayed at the altar of an unknown god.
   161 | D:1      | Became a worshipper of Cheibriados the Contemplative
   161 | D:1      | Reached * piety under Cheibriados
   270 | D:1      | Reached skill level 3 in Axes
   270 | D:1      | Reached XP level 2. HP: 27/27 MP: 2/2
   771 | D:2      | Noticed Natasha
   779 | D:2      | Killed Natasha
   780 | D:2      | Reached XP level 3. HP: 26/33 MP: 3/3
   850 | D:2      | Reached skill level 1 in Invocations
   880 | D:2      | Reached XP level 4. HP: 37/40 MP: 3/5
   922 | D:2      | Identified the +0 pair of boots "Zeeda" {rC+}
   950 | D:2      | Found Pufap's Weapon Emporium.
  1271 | D:2      | Noticed Natasha
  1290 | D:2      | Killed Natasha
  1290 | D:2      | Reached ** piety under Cheibriados
  1298 | D:2      | Noticed Natasha
  1304 | D:2      | Killed Natasha
  1305 | D:2      | Reached skill level 4 in Axes
  1305 | D:2      | Reached skill level 1 in Dodging
  1305 | D:2      | Reached XP level 5. HP: 46/47 MP: 6/6
  1579 | D:3      | HP: 1/47 [gnoll (9)]
  1773 | D:3      | Noticed Grinder
  1774 | D:3      | Paralysed by Grinder for 3 turns
  1775 | D:3      | Reached XP level 6. HP: 52/53 MP: 7/7
  1791 | D:3      | Paralysed by Grinder for 3 turns
  1810 | D:3      | Paralysed by Grinder for 3 turns
  1823 | D:3      | Killed Grinder
  1824 | D:3      | Reached skill level 5 in Axes
  2313 | D:3      | Reached XP level 7. HP: 57/60 MP: 9/9
  2605 | D:4      | Reached skill level 1 in Throwing
  2620 | D:4      | Noticed a steam dragon
  2626 | D:4      | Reached skill level 5 in Fighting
  2643 | D:4      | Killed a steam dragon
  2729 | D:4      | Found a staircase to the Ecumenical Temple.
  2881 | D:4      | Reached skill level 6 in Axes
  2889 | D:4      | Found a shimmering blue altar of Sif Muna.
  3323 | D:5      | Entered Level 5 of the Dungeon
  3380 | D:5      | Reached XP level 8. HP: 52/69 MP: 10/10
  3451 | D:5      | Noticed Ijyb
  3472 | D:5      | Killed Ijyb
  3473 | D:5      | Reached skill level 5 in Armour
  3571 | D:5      | Reached skill level 5 in Shields
  3800 | D:5      | Reached skill level 7 in Axes
  3895 | D:5      | Reached *** piety under Cheibriados
  3911 | D:5      | Found a sparkling altar of Nemelex Xobeh.
  4295 | D:6      | Found the necklace of Bloodlust {*Rage Will++ Int-3 Slay+6}
  4403 | D:6      | Gained mutation: You are strong-willed. (Will+) [potion of
                  | mutation]
  4443 | D:6      | Reached XP level 9. HP: 40/75 MP: 8/12
  4453 | D:6      | Reached skill level 8 in Axes
  4462 | D:6      | Reached skill level 5 in Invocations
  4956 | D:6      | Found a runed translucent door.
  4957 | D:6      | Noticed Crazy Yiuf
  4965 | D:6      | Killed Crazy Yiuf
  5037 | D:7      | Noticed Maggie
  5254 | D:7      | Reached **** piety under Cheibriados
  5406 | D:7      | Killed Maggie
  5407 | D:7      | Reached skill level 9 in Axes
  5721 | D:7      | Reached ***** piety under Cheibriados
  5849 | D:7      | Reached XP level 10. HP: 83/86 MP: 13/13
  5863 | D:7      | Noticed Harold
  5890 | D:7      | Killed Harold
  5891 | D:7      | Reached skill level 10 in Axes
  5891 | D:7      | Reached skill level 1 in Evocations
  6472 | D:8      | Noticed Grum
  6482 | D:8      | Killed Grum
  6832 | D:8      | Noticed Prince Ribbit
  6853 | D:8      | Killed Prince Ribbit
  7581 | D:10     | Entered Level 10 of the Dungeon
  7603 | D:10     | Noticed a two-headed ogre
  7626 | D:9      | Killed a two-headed ogre
  7627 | D:9      | Reached skill level 5 in Throwing
  7627 | D:9      | Reached XP level 11. HP: 50/94 MP: 9/16
  7893 | D:10     | Noticed a two-headed ogre
  7897 | D:10     | Killed a two-headed ogre
  7947 | D:10     | You fall into a shaft and drop 3 floors!
  7965 | D:13     | Noticed a boulder beetle
  8075 | D:13     | Noticed a boulder beetle
  8082 | D:13     | Killed a boulder beetle
  8319 | D:11     | Noticed a manticore
  8326 | D:11     | Killed a manticore
  8381 | D:10     | Noticed Sonja
  8393 | D:10     | Killed Sonja
  9191 | D:10     | Found a staircase to the Lair.
  9203 | D:10     | Reached skill level 10 in Fighting
  9418 | D:11     | Noticed a seven-headed hydra
  9421 | D:11     | Killed a seven-headed hydra
  9447 | D:11     | Found a staircase to the Orcish Mines.
  9453 | D:11     | Found a roughly hewn altar of Beogh.
  9503 | D:11     | Noticed a boulder beetle
  9532 | D:11     | Killed a boulder beetle
  9798 | D:11     | Identified the +0 ring mail of Distant Shores {Str-4 Dex+4
                  | Stlth+}
 10077 | D:11     | Identified the ring of the Mantidfly {rPois rN+ EV+4 Int+4
                  | Dex+3}
 10170 | Orc:1    | Entered Level 1 of the Orcish Mines
 10312 | Orc:2    | Entered Level 2 of the Orcish Mines
 10365 | Orc:1    | Reached XP level 12. HP: 106/106 MP: 18/18
 10435 | Orc:2    | Reached ****** piety under Cheibriados
 10436 | Orc:2    | Noticed Jorgrun
 10451 | Orc:2    | Killed Jorgrun
 10587 | Orc:1    | Noticed Maurice
 10602 | Orc:1    | Killed Maurice
 10603 | Orc:1    | Reached skill level 5 in Evocations
 10840 | Orc:2    | Found a roughly hewn altar of Beogh.
 10840 | Orc:2    | Noticed an orc warlord
 10860 | Orc:2    | Killed an orc warlord
 10930 | Orc:2    | Reached skill level 11 in Axes
 10932 | Orc:2    | Noticed a soul eater
 11054 | Orc:2    | Found Ydoetes's Assorted Antiques.
 11084 | Orc:2    | Bought a runed plate armour for 728 gold pieces
 11084 | Orc:2    | Bought a sedimented grey potion for 25 gold pieces
 11102 | Orc:2    | Found Xadyic's Assorted Antiques.
 11362 | Orc:1    | Noticed an ettin
 11388 | Orc:1    | Noticed Gastronok
 11405 | Orc:1    | Killed Gastronok
 11607 | Orc:1    | Killed an ettin
 11943 | Orc:2    | Reached XP level 13. HP: 116/116 MP: 20/20
 11991 | Orc:2    | Reached skill level 10 in Invocations
 12121 | Orc:2    | Found a staircase to the Elven Halls.
 12269 | Orc:2    | Noticed Saint Roka
 12292 | Orc:2    | Killed Saint Roka
 12293 | Orc:2    | Reached skill level 12 in Axes
 12384 | Orc:2    | Found a roughly hewn altar of Beogh.
 12453 | Orc:2    | Reached skill level 10 in Shields
 12485 | Orc:2    | Reached skill level 10 in Armour
 12594 | Orc:2    | Found Puj Apsu's Magic Scroll Boutique.
 12643 | Orc:2    | Found Nisos's Magic Scroll Emporium.
 13317 | Lair:1   | Entered Level 1 of the Lair of Beasts
 13488 | Lair:1   | Reached skill level 13 in Axes
 13947 | Lair:2   | Identified the +8 long sword of Dung {flame, rC+ Str+2}
 13970 | Lair:1   | Reached skill level 14 in Axes
 14133 | Lair:2   | Reached skill level 15 in Axes
 14157 | Lair:2   | Got the Compendium of Entrancing Poisoning
 14290 | Lair:2   | Found a staircase to the Swamp.
 14451 | Lair:2   | Found a hole to the Spider Nest.
 15008 | Lair:3   | Reached XP level 14. HP: 123/126 MP: 21/21
 15141 | Lair:3   | Reached skill level 16 in Axes
 15360 | Lair:3   | Reached skill level 17 in Axes
 15883 | Lair:4   | Found a dark tunnel.
 15894 | Volcano  | Entered a volcano
 16176 | Volcano  | Reached skill level 1 in Spellcasting
 16404 | Lair:4   | Reached skill level 1 in Stealth
 16682 | Lair:4   | Noticed Nessos
 16698 | Lair:4   | Killed Nessos
 16890 | Lair:4   | Identified the +1 cloak of the Harvest {Fly rElec Slay+3}
 17266 | Lair:5   | Found a viscous altar of Jiyva.
 17360 | Lair:5   | Reached XP level 15. HP: 93/134 MP: 20/22
 17361 | Lair:5   | Found a gate leading to a gauntlet.
 17361 | Lair:5   | Found a staircase to the Slime Pits.
 17402 | Gauntlet | Entered a Gauntlet
 17402 | Gauntlet | Found a transporter.
 17417 | Gauntlet | Found a transporter.
 17418 | Gauntlet | Found a transporter.
 17419 | Gauntlet | Found a transporter.
 17429 | Gauntlet | Found a transporter.
 17430 | Gauntlet | Found a transporter.
 17431 | Gauntlet | Found a transporter.
 17442 | Gauntlet | Found a transporter.
 17443 | Gauntlet | Found a transporter.
 17443 | Gauntlet | Found a transporter.
 17455 | Gauntlet | Found a transporter.
 17456 | Gauntlet | Found a transporter.
 17460 | Gauntlet | Found a transporter.
 17467 | Gauntlet | Found a transporter.
 17668 | Gauntlet | Reached skill level 18 in Axes
 17721 | Gauntlet | Identified the ring "Bietwu Qaufu" {Drain rPois rF+ Int+6
                  | Dex+8}
 17846 | Gauntlet | Got the Incunabulum of Darkness
 18442 | Lair:5   | Reached skill level 5 in Dodging
 18664 | Lair:6   | Entered Level 6 of the Lair of Beasts
 19554 | Lair:6   | Identified the +1 shortbow "Destapler's Peril" {freeze,
                  | Str+8 Stlth+}
 19856 | Lair:6   | Upgraded the game from 0.28-a0-1406-ga8dd43b1d0 to
                  | 0.28-a0-1435-g82390b3a13
 19953 | Swamp:1  | Entered Level 1 of the Swamp
 19953 | Swamp:1  | Noticed Kirke
 19964 | Lair:2   | Killed Kirke
 20021 | Swamp:1  | Noticed a tentacled monstrosity
 20075 | Swamp:1  | Noticed a fenstrider witch
 20120 | Lair:2   | Killed a tentacled monstrosity
 20183 | Lair:2   | Reached XP level 16. HP: 102/143 MP: 19/24
 20452 | Lair:2   | Killed a fenstrider witch
 20656 | Swamp:1  | Got the Disquisition on Combat Magic
 20891 | Swamp:2  | Noticed a fenstrider witch
 20954 | Swamp:2  | Killed a fenstrider witch
 21035 | Swamp:2  | Noticed Frances
 21055 | Swamp:2  | Identified the +2 mace "Qosaeqan" {venom, rElec rC+ SInv}
 21502 | Swamp:2  | Killed Frances
 21597 | Swamp:2  | Identified Roxanne's Disquisition on Clay
 21597 | Swamp:2  | Noticed Roxanne
 21876 | Swamp:3  | Identified the +0 leather armour of Winter {rElec Dex-4
                  | SInv}
 22007 | Swamp:2  | Upgraded the game from 0.28-a0-1435-g82390b3a13 to
                  | 0.28-a0-1477-g273aa18710
 22007 | Swamp:2  | Upgraded the game from 0.28-a0-1477-g273aa18710 to
                  | 0.28-a0-1486-g8196b01e9b
 22299 | Swamp:3  | Noticed Mara
 22306 | Swamp:3  | Noticed Destapler's illusion
 22311 | Swamp:3  | Killed from afar by Mara (illusionary)

Illustrated notes

Levels and vault maps discovered:
D:1:      dpeg_arrival_brainrot, layout_basic,
          shapermc_ecumenical_altar_acropolis, minmay_misc_feat_plants
D:2:      layout_loops_cross, serial_shops, shop, guppyfry_early_lair_pool,
          uniq_natasha
D:3:      layout_basic, nrook_uturn, kennysheep_small_spiral, uniq_grinder
D:4:      layout_cave_pods, tgw_sif, minmay_temple_entry_enclosed_plants,
          minmay_misc_feat_tiny
D:5:      layout_loops_cross, mainiacjoe_overflow_six_doors_small,
          nicolae_underground_beach, uniq_ijyb
D:6:      layout_cave_pools, uniq_crazy_yiuf_cottage
D:7:      kennysheep_kobold_camp, layout_cave_pools, serial_gnoll_camp,
          gnoll_camp_huts_moat, gnoll_camp_mini_doghouse, gnoll_camp_mini_house,
          gnoll_camp_mini_house, uniq_maggie, uniq_harold
D:8:      layout_rooms, nicolae_sextant, uniq_grum, uniq_prince_ribbit1
D:9:      layout_irregular_city, hangedman_glass_teeth,
          minmay_misc_feat_more_columns
D:10:     layout_basic, david_lair_shrubbed, uniq_sonja
D:11:     layout_irregular_city, minmay_orc_entry_temple_small
D:12:     layout_stronghold
D:13:     layout_gridville, grunt_vaults_entry_tiered
Lair:1:   layout_long_grid, serial_bayou_pond_e
Lair:2:   layout_regular_city, swamp_mist, spider_nest_entry_rubble,
          grunt_megastairs_2
Lair:3:   hellmonk_ruined_rings, layout_cave_shapes, st_stairs_12,
          infiniplex_staircase_pool
Lair:4:   layout_gridlike, lightli_volcano_entry_magma_tube, pond, uniq_nessos
Lair:5:   layout_loops_ring, slime_altar_1, gauntlet_entry_generic,
          bobbens_ice_dragon_lair, serial_bayou_shore_a
Lair:6:   due_jungle_book, layout_regular_city, lemuel_fruit_tree
Swamp:1:  layout_basic_swamp, evilmike_swamp_ruin_house_2, swamp_pool3,
          uniq_kirke
Swamp:2:  layout_falls_marsh, evilmike_swamp_ruin_house_5, uniq_frances,
          uniq_roxanne
Swamp:3:  layout_basic_swamp, hangedman_swamp_cone, uniq_mara
Orc:1:    layout_caves, serial_shops, uniq_gastronok, uniq_maurice
Orc:2:    pubby_orc_utopia, uniq_jorgrun

Skill      XL: |  1  2  3  4  5  6  7  8  9 10 11 12 13 14 15 16 |
---------------+-------------------------------------------------+-----
Axes           | 3 4 5 6 7 9 10 11 15 17 18 | 18.8
Fighting       | 4 5 6 7 8 10 11 12 13 | 13.5
Invocations    | 1 2 3 4 5 6 8 9 10 11 12 | 12.1
Armour         | 4 5 6 7 8 9 10 11 | 11.5
Dodging        | 1 2 3 4 5 6 |  6.0
Shields        | 4 5 6 7 8 9 10 11 | 11.5
Throwing       | 1 2 3 5 6 7 8 9 |  9.4
Evocations     | 3 4 6 7 8 |  8.0
Spellcasting   | 2 3 |  3.0
Stealth        | 2 3 4 |  4.0

Action                   |  1- 3 |  4- 6 |  7- 9 | 10-12 | 13-15 | 16-18 || total
-------------------------+-------+-------+-------+-------+-------+-------++-------
Melee: War axe           |    35 |   126 |   339 |   542 |   561 |       ||  1603
       Battleaxe         |       |       |       |       |    18 |       ||    18
       Broad axe         |       |       |       |       |   292 |   101 ||   393
       Mace              |       |       |       |       |       |    16 ||    16
Throw: Boomerang         |       |    40 |    69 |    57 |   139 |    50 ||   355
       Dart              |       |     5 |    51 |    35 |    13 |    34 ||   138
       Throwing net      |       |       |       |       |     1 |     1 ||     2
Invok: Bend Time         |       |     3 |     7 |    26 |    19 |     9 ||    64
       Temporal Distorti |       |       |     1 |       |       |       ||     1
       Slouch            |       |       |     1 |     3 |     6 |     3 ||    13
       Step From Time    |       |       |       |       |       |     1 ||     1
Evoke: Wand              |       |       |       |    17 |    41 |       ||    58
       Condenser vane    |       |       |       |       |     1 |       ||     1
  Use: Potion            |       |     4 |     4 |       |     2 |       ||    10
       Scroll            |       |       |     7 |    13 |    10 |     2 ||    32
 Stab: Paralysed         |       |       |       |     2 |       |       ||     2
       Sleeping          |       |       |       |     2 |       |     2 ||     4
       Held in net/web   |       |       |       |       |     1 |       ||     1
       Distracted        |       |       |       |       |     1 |       ||     1
Armor: Scale mail        |    12 |    52 |   108 |       |       |       ||   172
       Chain mail        |       |       |    55 |   141 |   108 |       ||   304
       Plate armour      |       |       |       |     2 |   122 |       ||   124
       Troll leather arm |       |       |       |     2 |    32 |    34 ||    68
Dodge: Dodged            |    13 |    50 |   208 |   284 |   543 |   110 ||  1208
Block: Buckler           |     9 |    44 |   115 |   240 |   219 |       ||   627
       Kite shield       |       |       |       |       |   303 |   106 ||   409

Table legend: (Time is in decaauts)
 A = Elapsed time spent in this place.
 B = Non-inter-level travel time spent in this place.
 C = Inter-level travel time spent in this place.
 D = Time resting spent in this place.
 E = Time spent auto-exploring this place.
 F = Levels seen in this place.
 G = Mean time per level.
                   A        B        C        D        E       F      G
               +--------+--------+--------+--------+--------+-----+--------+
         Total |  35288 |  32252 |   3036 |   1031 |  24491 |  26 | 1357.2 |
       Dungeon |  15958 |  14108 |   1850 |    219 |  11225 |  13 | 1227.5 |
          Lair |  10064 |   9599 |    465 |    468 |   7569 |   6 | 1677.3 |
         Swamp |   3144 |   2838 |    306 |    227 |   1818 |   3 | 1048.0 |
  Orcish Mines |   4709 |   4295 |    414 |     66 |   3089 |   2 | 2354.5 |
       Volcano |    702 |    702 |      0 |      0 |    383 |   1 |  702.0 |
      Gauntlet |    708 |    708 |      0 |     50 |    406 |   1 |  708.0 |
               +--------+--------+--------+--------+--------+-----+--------+

Top non-repeatable levels by time:
   Orc:2: 3800 daAuts
  Lair:2: 2139 daAuts
  Lair:6: 2091 daAuts
     D:7: 1950 daAuts
  Lair:3: 1613 daAuts
    D:11: 1600 daAuts
  Lair:4: 1575 daAuts
  Lair:5: 1545 daAuts
     D:9: 1513 daAuts
     D:5: 1499 daAuts
     D:3: 1495 daAuts
    D:10: 1446 daAuts
     D:4: 1412 daAuts
 Swamp:2: 1365 daAuts
     D:6: 1223 daAuts
